 Dungeon Crawl Stone Soup version 0.20-a0-454-g2b43fbb (webtiles) character file.

48 HarleyQuinn the Insei (level 3, 0/27 HPs)
             Began as a Demonspawn Gladiator on Jan 8, 2017.
             Slain by a gnoll
             ... wielding a +0 halberd
              (4 damage)
             ... on level 1 of the Dungeon.
             The game lasted 00:03:01 (2752 turns).

HarleyQuinn the Insei (Demonspawn Gladiator)        Turns: 2752, Time: 00:03:01

Health: 0/27       AC:  4    Str: 14    XL:     3   Next: 50%
Magic:  3/3        EV: 12    Int:  9    God:
Gold:   8          SH:  0    Dex: 15    Spells: 2/2 levels left

rFire  + . .     SeeInvis .       - Unarmed
rCold  . . .     Gourm    .     a - +0 leather armour
rNeg   . . .     Faith    .     (no shield)
rPois  .         Spirit   .     b - +0 helmet
rElec  .         Reflect  .     (no cloak)
rCorr  .         Harm     .     (no gloves)
MR     .....                    (no boots)
Stlth  ++........               (no amulet)
                                (no ring)
                                j - ring of protection from fire

@: no status effects
A: nightstalker 1
a: no special abilities


You were on level 1 of the Dungeon.
You were near starving.

You visited 1 branch of the dungeon, and saw 1 of its levels.

You collected 8 gold pieces.

Inventory:

Missiles
 c - 3 throwing nets (quivered)
Armour
 a - a +0 leather armour (worn)
 b - a +0 helmet (worn)
Jewellery
 j - a ring of protection from fire (left hand)
Scrolls
 e - 5 scrolls of identify {unknown}
 f - a scroll of fog {unknown}
 g - a scroll of magic mapping {unknown}
 k - a scroll of recharging {unknown}
 l - a scroll of teleportation {unknown}
 m - a scroll of immolation {unknown}
 n - a scroll of amnesia {unknown}
 o - a scroll of enchant armour {unknown}
 p - a scroll of enchant weapon {unknown}
Potions
 h - a potion of haste {unknown}
 i - a potion of cancellation {unknown}
Comestibles
 d - 2 bread rations


   Skills:
 - Level 2.0 Fighting
 - Level 1.7 Throwing
 - Level 2.6 Dodging
 + Level 4.1 Unarmed Combat


You had 2 spell levels left.
You didn't know any spells.

Dungeon Overview and Level Annotations

Branches:
Dungeon (1/15)

Altars:


Innate Abilities, Weirdness & Mutations

You are slightly more attuned to the shadows.


Message History

You see here a dagger.
HP restored.
There is an open door here.
A gnoll comes into view. It is wielding a halberd.
You see here a stone.
A gnoll is nearby!
The gnoll hits you with a halberd!
You hit the gnoll.
The gnoll is heavily wounded.
You completely miss the gnoll.
The gnoll is heavily wounded.
The gnoll hits you with a halberd.
You barely miss the gnoll.
The gnoll is heavily wounded.
The gnoll hits you with a halberd!
* * * LOW HITPOINT WARNING * * *
You barely miss the gnoll.
The gnoll is heavily wounded.
The gnoll hits you with a halberd.
You die...

#.####.#..#.....'.........##......
#......#..#.....###.....#.##......
########.....######.###.#.##......
#...####.........)..+......
#...>............#.##......
##..#............).........
#..#.##.#.#######.#.#.###.
#..#.##(#.######..#.#.# #.
#...(...@g.)).##.≈P≈#.# #.
##)#####.#.###.PPPP≈≈#.# #.
#........#....≈.PPP≈.#.# #.
##.##..###.≈≈PP≈♣≈≈P≈#.# #.
#.###.##PP≈P♣≈≈≈P≈P##.# #.
#.###.P..≈≈♣≈≈≈P≈≈###.# ##
#.##P≈P≈≈≈♣PP≈≈.#.###.# #
#...PP≈≈≈≈♣P≈.........# #
###..≈≈≈♣♣PP≈≈#.#.##### #


You could see a gnoll.

Vanquished Creatures
  An ooze (D:1)
  A worm (D:1)
  5 dart slugs (D:1)
  2 leopard geckos (D:1)
  2 giant cockroaches (D:1)
  6 goblins (D:1)
  2 hobgoblins (D:1)
  A frilled lizard (D:1)
  4 kobolds (D:1)
  5 rats (D:1)
29 creatures vanquished.

Notes
Turn   | Place    | Note
-------+----------+-------------------------------------------
     0 | D:1      | HarleyQuinn the Demonspawn Gladiator began the quest for the Orb.
     0 | D:1      | Reached XP level 1. HP: 16/16 MP: 1/1
   221 | D:1      | Reached skill level 3 in Unarmed Combat
   525 | D:1      | Gained mutation: You are slightly more attuned to the shadows. [demonic ancestry]
   525 | D:1      | Reached XP level 2. HP: 7/22 MP: 2/2
  1775 | D:1      | Reached XP level 3. HP: 21/27 MP: 3/3
  2016 | D:1      | Reached skill level 4 in Unarmed Combat
  2752 | D:1      | Slain by a gnoll

Vault maps used:
D:1:      dpeg_arrival_three_smaller_balls, amethyst_killhole,
          serial_bayou_lagoon_a, minmay_close_crescents

Skill      XL: |  1  2  3 |
---------------+----------+-----
Unarmed Combat | 3 4 |  4.1
Fighting       | |  2.0
Throwing       | |  1.7
Dodging        | |  2.6

Action                   || total
-------------------------++-------
Melee: Unarmed           ||   142
       Punch             ||     1
 Stab: Sleeping          ||     3
       Distracted        ||     1
  Eat: Chunk             ||     4
Armor: Leather armour    ||    24
Dodge: Dodged            ||    60
